 Dungeon Crawl Stone Soup version 0.25-b1-29-g4cfa5c7bda (webtiles) character file.

Game seed: 7695846974842587849, levelgen mode: deterministic

2830 Delamore the Basher (level 9, -2/52 HPs)
             Began as a Gargoyle Fighter on June 3, 2020.
             Was a Follower of Okawaru.
             Slain by a troll (8 damage)
             ... on level 7 of the Dungeon.
             The game lasted 00:12:54 (7587 turns).

Delamore the Basher (Gargoyle Fighter)              Turns: 7587, Time: 00:12:55

Health: -2/52      AC: 14    Str: 23    XL:     9   Next: 73%
Magic:  9/9        EV:  9    Int:  9    God:    Okawaru [*.....]
Gold:   382        SH:  4    Dex:  9    Spells: 8/8 levels left

rFire    . . .     SeeInvis .   K - +1 morningstar (flame)
rCold    . . .     Gourm    .   A - +0 buckler
rNeg     + . .     Faith    .   b - +0 scale mail
rPois    ∞         Spirit   .   (no helmet)
rElec    +         Reflect  .   m - +0 cloak
rCorr    .         Harm     .   (no gloves)
MR       .....                  (no boots)
Stlth    ..........             (no amulet)
HPRegen  0.17/turn              (no ring)
MPRegen  0.11/turn              (no ring)

@: mighty, studying Staves
A: negative energy resistance 1, electricity resistance, unbreathing,
petrification resistance, rot immunity, AC +6
a: Heroism, Renounce Religion


You were on level 7 of the Dungeon.
You worshipped Okawaru.
Okawaru was aware of your devotion.
You were hungry.

You visited 2 branches of the dungeon, and saw 8 of its levels.

You collected 382 gold pieces.

Inventory:

Hand Weapons
 K - a +1 morningstar of flaming (weapon)
Missiles
 x - 8 datura-tipped darts (quivered)
 G - a throwing net
Armour
 b - a +0 scale mail (worn)
 c - a +0 kite shield
 m - a +0 cloak (worn)
 A - a +0 buckler (worn)
 L - +0 acid dragon scales
Jewellery
 H - an uncursed ring of magical power
Wands
 y - a wand of random effects (17)
 E - a wand of acid (5)
 F - a wand of enslavement (5)
Scrolls
 h - a scroll of enchant weapon {unknown}
 i - a scroll of amnesia {unknown}
 l - 4 scrolls of teleportation
 n - 6 scrolls of remove curse
 p - a scroll of immolation {unknown}
 r - a scroll of blinking {unknown}
 u - a scroll of random uselessness {unknown}
 J - a scroll of magic mapping {unknown}
Potions
 e - 2 potions of invisibility {unknown}
 j - 2 potions of lignification {unknown}
 k - 2 potions of heal wounds
 o - 3 potions of stabbing {unknown}
 q - 3 potions of curing {unknown}
 s - a potion of haste
 t - 2 potions of degeneration {unknown}
 v - a potion of magic
 w - 2 potions of mutation {unknown}
 z - a potion of berserk rage {unknown}
 B - 2 potions of flight {unknown}
 C - 2 potions of brilliance {unknown}
Books
 I - a manual of Staves
Comestibles
 f - 11 rations
 M - 4 chunks of flesh


   Skills:
 + Level 4.1 Fighting
 * Level 12.5 Maces & Flails
 - Level 3.2 Armour
 + Level 4.1 Shields


You had 8 spell levels left.
You didn't know any spells.
Your spell library was empty.

Dungeon Overview and Level Annotations

Branches:
Dungeon (7/15)             Temple (1/1) D:6

Altars:
Ashenzari
Cheibriados
Elyvilon
Hepliaklqana
Kikubaaqudgha
Makhleb
Nemelex Xobeh
Okawaru
Qazlal
Ru
Trog
Uskayaw
Wu Jian
Xom
Yredelemnul
Zin

Shops:
D:4 *   D:5 [   D:6 [


Innate Abilities, Weirdness & Mutations

You are resistant to torment.
Your stone body is resilient. (AC +6)
You are immune to poison.
You resist negative energy. (rN+)
You are resistant to electric shocks. (rElec)
You can survive without breathing.
You are immune to petrification.
You are immune to rotting.


Message History

You sock the troll! You burn the troll.
The troll is severely wounded.
The troll bites you but does no damage. The troll closely misses you.
The troll claws you but does no damage.
You hit the troll. You burn the troll.
The troll is severely wounded.
The troll bites you but does no damage. The troll claws you but does no damage.
The troll claws you.
Your scale mail prevents you from hitting the troll.
The troll is severely wounded.
You closely miss the troll.
The troll is severely wounded.
The troll bites you. The troll barely misses you. The troll claws you.
* * * LOW HITPOINT WARNING * * *
You barely miss the troll.
The troll is severely wounded.
The troll bites you!
* * * LOW HITPOINT WARNING * * *
The troll claws you!
You die...

... #.# #.# #.# #.# #T# #.#
#O# #.# #.# #.###########.#
#...O.T(......#
##############.#############
...............T@.......
############################
#........#
###################.#......#
....................#....#.#
#####################.##<#.#
########


You could see a troll.

Vanquished Creatures
  Maggie (D:6)
  Sigmund (D:2)
  The ghost of Mrkan the Chopper, an amateur MiFi of Fedhas (D:4)
  A sky beast (D:5)
  A phantom (D:6)
  5 ogres
  2 centaurs (D:5)
  4 bullfrogs
  2 gnoll sergeants (D:5)
  2 centaur zombies (D:6)
  A bullfrog zombie (D:5)
  3 hounds
  2 orc priests
  A jelly (D:5)
  3 orc wizards
  4 iguanas
  Terence (D:2)
  7 worker ants
  A hound zombie (D:5)
  A howler monkey zombie (D:7)
  21 gnolls
  9 adders
  2 shadow imps
  An adder skeleton (D:5)
  4 worms
  4 leopard geckos
  22 orcs
  A ball python (D:4)
  5 giant cockroaches
  2 gnoll zombies (D:4)
  6 goblins
  11 hobgoblins
  7 jackals
  A quokka (D:2)
  10 bats
  8 frilled lizards
  6 kobolds
  15 rats
179 creatures vanquished.

Vanquished Creatures (others)
  2 gnolls (D:5)
  5 plants (D:4)
7 creatures vanquished.

Grand Total: 186 creatures vanquished

Notes
Turn   | Place    | Note
-------+----------+-------------------------------------------
     0 | D:1      | Delamore the Gargoyle Fighter began the quest for the Orb.
     0 | D:1      | Reached XP level 1. HP: 14/14 MP: 1/1
   118 | D:1      | Reached XP level 2. HP: 19/19 MP: 2/2
   170 | D:1      | Reached skill level 3 in Maces & Flails
   406 | D:1      | Reached XP level 3. HP: 23/23 MP: 3/3
   778 | D:2      | Reached skill level 4 in Maces & Flails
   825 | D:2      | Reached XP level 4. HP: 21/28 MP: 4/4
  1206 | D:2      | Reached skill level 5 in Maces & Flails
  1210 | D:2      | Reached XP level 5. HP: 32/32 MP: 5/5
  1261 | D:2      | Noticed Terence
  1273 | D:2      | Killed Terence
  1305 | D:2      | Noticed Sigmund
  1653 | D:3      | Found a white marble altar of Elyvilon.
  2376 | D:4      | Reached skill level 6 in Maces & Flails
  2376 | D:4      | Reached XP level 6. HP: 32/37 MP: 6/6
  2983 | D:2      | Killed Sigmund
  2983 | D:2      | Reached skill level 7 in Maces & Flails
  3118 | D:2      | Reached XP level 7. HP: 40/41 MP: 7/7
  3266 | D:2      | Found an ornate altar of the Wu Jian Council.
  3788 | D:4      | Reached skill level 8 in Maces & Flails
  3806 | D:4      | Found a transporter.
  3884 | D:4      | Found Zin's Purification Station.
  3884 | D:4      | Found a glowing silver altar of Zin.
  3989 | D:4      | Found a transporter.
  4022 | D:4      | Noticed Mrkan's ghost (amateur MiFi)
  4176 | D:4      | Found a basalt altar of Yredelemnul.
  4470 | D:5      | Entered Level 5 of the Dungeon
  4542 | D:4      | Reached skill level 9 in Maces & Flails
  4542 | D:4      | Reached XP level 8. HP: 32/46 MP: 8/8
  5134 | D:5      | Found Foidot's Antique Armour Shop.
  5184 | D:5      | Reached skill level 10 in Maces & Flails
  5507 | D:5      | Found a stormy altar of Qazlal.
  5624 | D:6      | Found a shattered altar of Ashenzari.
  6011 | D:6      | Found a staircase to the Ecumenical Temple.
  6238 | D:6      | Reached skill level 11 in Maces & Flails
  6244 | D:6      | Reached XP level 9. HP: 41/51 MP: 9/9
  6279 | Temple   | Entered the Ecumenical Temple
  6292 | Temple   | Became a worshipper of Warmaster Okawaru
  6542 | D:4      | Killed Mrkan's ghost
  6725 | D:6      | Found Zogaett's Armour Shop.
  6823 | D:6      | Reached * piety under Okawaru
  6823 | D:6      | Reached skill level 12 in Maces & Flails
  7231 | D:6      | Noticed Maggie
  7256 | D:6      | Killed Maggie
  7303 | D:6      | Found a snail-covered altar of Cheibriados.
  7414 | D:6      | Noticed a moth of wrath
  7418 | D:6      | Found a bloodstained altar of Trog.
  7539 | D:7      | Noticed a troll
  7587 | D:7      | Slain by a troll

Illustrated notes

Levels and vault maps discovered:
D:1:      roderic_chinese_lattice_arrival, layout_loops_ring
D:2:      layout_loops_ring, lemuel_doored_altar, uniq_terence, uniq_sigmund
D:3:      layout_basic, old_standard_altar, minmay_joined_circles
D:4:      layout_loops_ring, lemuel_zombie_altar_yredelemnul, zin_purify,
          gammafunk_ghost_gnarly_gnolls
D:5:      layout_basic, first_ration, serial_shops, shop,
          nicolae_qazlal_eye_of_the_storm
D:6:      layout_rooms, slow_altar_2, tgw_trog, temple_pool_b, serial_shops,
          shop, nicolae_ashenzari_panopticon, uniq_maggie
D:7:      layout_basic, kennysheep_mini_moat
Temple:   nicolae_temple_x_marks_the_god

Skill      XL: |  1  2  3  4  5  6  7  8  9 |
---------------+----------------------------+-----
Maces & Flails | 3 4 5 6 7 9 11 12 | 12.5
Fighting       | 4 |  4.1
Shields        | 4 |  4.1
Armour         | |  3.2

Action                   |  1- 3 |  4- 6 |  7- 9 || total
-------------------------+-------+-------+-------++-------
Melee: Flail             |   119 |   199 |       ||   318
       Mace              |       |    23 |   403 ||   426
       Whip              |       |       |   104 ||   104
       Morningstar       |       |       |    28 ||    28
Throw: Dart              |       |     1 |     3 ||     4
  Use: Scroll            |       |       |     4 ||     4
       Potion            |       |       |     3 ||     3
  Eat: Chunk             |       |     8 |    14 ||    22
Armor: Scale mail        |    88 |    94 |   269 ||   451
Dodge: Dodged            |    69 |    67 |   192 ||   328
Block: Kite shield       |    94 |   117 |   116 ||   327
       Buckler           |       |       |    50 ||    50
